WIN
HOUSTON (WIN) ASTROS @ CINCINNATI (WIN) REDS
12/06/2048
 
TOP OF THE 1ST
Houston (WIN) Astros batting - Pitching for Cincinnati (WIN) Reds : RHP Matt Johnson
Pitching: RHP Matt Johnson
Batting: RHB Omar Amaya 0-0: Called Strike
0-1: Swinging Strike
0-2: Strikes out swinging
Batting: LHB Mark Dearth 0-0: Ball
1-0: Ball
2-0: Ground out 6-3 (Groundball, 6, EV 104.4 MPH)
Batting: RHB Elijah Hunter 0-0: Called Strike
0-1: Foul Ball, location: 2F
0-2: Strikes out swinging
Top of the 1st over - 0 runs, 0 hits, 0 errors, 0 left on base; Houston (WIN) 0 - Cincinnati (WIN) 0
BOTTOM OF THE 1ST
Cincinnati (WIN) Reds batting - Pitching for Houston (WIN) Astros : RHP Muckle Wildriver
Pitching: RHP Muckle Wildriver
Batting: RHB Joseph Kirchmann 0-0: Ball
1-0: Ball
2-0: Ball
3-0: Called Strike
3-1: Base on Balls
Batting: LHB Jamie Spangenberg 0-0: Ball
1-0: Ball
Pickoff Throw to First - Error! E1
Joseph Kirchmann to second
2-0: Ball
3-0: Called Strike
3-1: Base on Balls
Batting: RHB Mike Alm 0-0: Ball
1-0: Ball
2-0: Called Strike
2-1: Swinging Strike
2-2: Ball
3-2: Foul Ball, location: 2F
3-2: Foul Ball, location: 2F
3-2: Fly out, F8 (Flyball, 8LD, EV 90.6 MPH)
Batting: LHB Chris Grunwald 0-0: Ball
1-0: Ball
2-0: Foul Ball, location: 2F
2-1: Ball
3-1: Base on Balls
Joseph Kirchmann to third
Jamie Spangenberg to second
Batting: RHB Fred Slade 0-0: GRAND SLAM HOME RUN (Flyball, 7LD, EV 91.9 MPH), Distance : 336 ft
Batting: RHB Bruno André 0-0: Called Strike
0-1: Ball
1-1: Called Strike
1-2: Ball
2-2: Ball
3-2: Base on Balls
Batting: RHB Juan Reyes 0-0: Ball
1-0: Fly out, F8 (Line Drive, 8RM, EV 91.9 MPH)
Batting: RHB Jonathan Robies 0-0: Called Strike
0-1: Ball
1-1: Ball
2-1: Foul Ball, location: 2F
2-2: Fly out, F3 (Popup, 3S, EV 80.6 MPH)
Bottom of the 1st over - 4 runs, 1 hit, 1 error, 1 left on base; Houston (WIN) 0 - Cincinnati (WIN) 4
TOP OF THE 2ND
Houston (WIN) Astros batting - Pitching for Cincinnati (WIN) Reds : RHP Matt Johnson
Batting: SHB Paskar Adegoke 0-0: Swinging Strike
0-1: Swinging Strike
0-2: Ball
1-2: Foul Ball, location: 2F
1-2: Ball
2-2: Strikes out swinging
Batting: LHB Bob Govella 0-0: Called Strike
0-1: Ball
1-1: Ball
2-1: Foul Ball, location: 2F
2-2: Ball
3-2: Fly out, F7 (Line Drive, 7, EV 86.9 MPH)
Batting: RHB Workneh Lagat 0-0: Foul Ball, location: 2F
0-1: Swinging Strike
0-2: Strikes out looking
Top of the 2nd over - 0 runs, 0 hits, 0 errors, 0 left on base; Houston (WIN) 0 - Cincinnati (WIN) 4
BOTTOM OF THE 2ND
Cincinnati (WIN) Reds batting - Pitching for Houston (WIN) Astros : RHP Muckle Wildriver
Batting: RHB Alex Juarez 0-0: Called Strike
0-1: Swinging Strike
0-2: Strikes out swinging
Batting: RHB Joseph Kirchmann 0-0: Ball
1-0: Foul Ball, location: 2F
1-1: DOUBLE (Line Drive, 9LM, EV 111.2 MPH)
Batting: LHB Jamie Spangenberg 0-0: Ball
1-0: Ball
Joseph Kirchmann steals 3rd base
2-0: Called Strike
2-1: Swinging Strike
2-2: Strikes out looking
Batting: RHB Mike Alm 0-0: Swinging Strike
0-1: 2-RUN HOME RUN (Flyball, 89XD, EV 98.8 MPH), Distance : 396 ft
Batting: LHB Chris Grunwald 0-0: Called Strike
0-1: Ball
1-1: Swinging Strike
1-2: Ball
2-2: Ball
3-2: Base on Balls
Pitching: RHP Hector Carrillo
Batting: RHB Fred Slade 0-0: Ball
1-0: SINGLE (Groundball, P, EV 88.8 MPH) (infield hit)
Chris Grunwald to second
Batting: RHB Bruno André 0-0: Foul Ball, location: 2F
0-1: Ball
1-1: Foul Ball, location: 2F
1-2: Ball
2-2: Ball
3-2: Foul Ball, location: 2F
3-2: Foul Ball, location: 2F
3-2: Base on Balls
Chris Grunwald to third
Fred Slade to second
Batting: RHB Juan Reyes 0-0: Swinging Strike
0-1: Ball
1-1: Called Strike
1-2: Foul Ball, location: 2F
1-2: Strikes out swinging
Bottom of the 2nd over - 2 runs, 3 hits, 0 errors, 3 left on base; Houston (WIN) 0 - Cincinnati (WIN) 6
TOP OF THE 3RD
Houston (WIN) Astros batting - Pitching for Cincinnati (WIN) Reds : RHP Matt Johnson
Batting: LHB Aldo Kok 0-0: SINGLE (Line Drive, 6MD, EV 97.5 MPH)
Batting: RHB Drew Coleman 0-0: Called Strike
0-1: Fly out, F8 (Flyball, 89D, EV 106.9 MPH)
Batting: RHB Yoshitoshi Mori 0-0: Ball
1-0: SINGLE (Flyball, 6D, EV 89.4 MPH)
Aldo Kok to second
Batting: RHB Omar Amaya 0-0: Swinging Strike
0-1: Ball
1-1: Ball
2-1: Ball
3-1: Base on Balls
Aldo Kok to third
Yoshitoshi Mori to second
Batting: LHB Mark Dearth 0-0: Ball
1-0: Foul Ball, location: 2F
1-1: Grounds into double play, 4-6-3 (Groundball, 4, EV 85.0 MPH)
Top of the 3rd over - 0 runs, 2 hits, 0 errors, 2 left on base; Houston (WIN) 0 - Cincinnati (WIN) 6
BOTTOM OF THE 3RD
Cincinnati (WIN) Reds batting - Pitching for Houston (WIN) Astros : RHP Hector Carrillo
Batting: RHB Jonathan Robies 0-0: Fly out, F3 (Line Drive, 3L, EV 68.1 MPH)
Batting: RHB Alex Juarez 0-0: Ball
1-0: Foul Ball, location: 2F
1-1: Called Strike
1-2: Foul Ball, location: 2F
1-2: Ball
2-2: Foul Ball, location: 2F
2-2: Ball
3-2: Foul Ball, location: 2F
3-2: Base on Balls
Batting: RHB Joseph Kirchmann 0-0: Ball
1-0: Fielders Choice at 2nd, 5-4 (Groundball, 5, EV 87.5 MPH)
Batting: LHB Jamie Spangenberg 0-0: Ball
1-0: Ball
2-0: Ball
3-0: Base on Balls
Joseph Kirchmann to second
Batting: RHB Mike Alm 0-0: Called Strike
0-1: Ball
1-1: Fly out, F7 (Line Drive, 7, EV 97.5 MPH)
Bottom of the 3rd over - 0 runs, 0 hits, 0 errors, 2 left on base; Houston (WIN) 0 - Cincinnati (WIN) 6
TOP OF THE 4TH
Houston (WIN) Astros batting - Pitching for Cincinnati (WIN) Reds : RHP Matt Johnson
Batting: RHB Elijah Hunter 0-0: Called Strike
0-1: Ground out 5-3 (Groundball, 15, EV 94.4 MPH)
Batting: SHB Paskar Adegoke 0-0: Ball
1-0: Ball
2-0: Called Strike
2-1: Called Strike
2-2: Strikes out looking
Batting: LHB Bob Govella 0-0: Called Strike
0-1: Swinging Strike
0-2: Ball
1-2: Foul Ball, location: 2F
1-2: Ball
2-2: Fly out, F7 (Flyball, 7D, EV 99.4 MPH)
Top of the 4th over - 0 runs, 0 hits, 0 errors, 0 left on base; Houston (WIN) 0 - Cincinnati (WIN) 6
BOTTOM OF THE 4TH
Cincinnati (WIN) Reds batting - Pitching for Houston (WIN) Astros : RHP Hector Carrillo
Batting: LHB Chris Grunwald 0-0: Swinging Strike
0-1: Ball
1-1: Ball
2-1: Foul Ball, location: 2F
2-2: Strikes out swinging
Batting: RHB Fred Slade 0-0: Ball
1-0: Ball
2-0: Ball
3-0: Called Strike
3-1: Foul Ball, location: 2F
3-2: Foul Ball, location: 2F
3-2: Fly out, F9 (Flyball, 9, EV 90.6 MPH)
Batting: RHB Bruno André 0-0: Ball
1-0: Ball
2-0: Ball
3-0: Called Strike
3-1: Base on Balls
Batting: RHB Juan Reyes 0-0: Ball
1-0: Called Strike
1-1: Foul Ball, location: 2F
1-2: Strikes out swinging
Bottom of the 4th over - 0 runs, 0 hits, 0 errors, 1 left on base; Houston (WIN) 0 - Cincinnati (WIN) 6
TOP OF THE 5TH
Houston (WIN) Astros batting - Pitching for Cincinnati (WIN) Reds : RHP Matt Johnson
Batting: RHB Workneh Lagat 0-0: Hit by Pitch
Batting: LHB Aldo Kok 0-0: Called Strike
0-1: Called Strike
Workneh Lagat is caught stealing 2nd base 2-6
0-2: Ball
1-2: Fly out, F8 (Line Drive, 8RM, EV 102.5 MPH)
Batting: RHB Drew Coleman 0-0: Ball
1-0: Called Strike
1-1: Swinging Strike
1-2: Fly out, F7 (Flyball, 7, EV 83.1 MPH)
Top of the 5th over - 0 runs, 0 hits, 0 errors, 0 left on base; Houston (WIN) 0 - Cincinnati (WIN) 6
BOTTOM OF THE 5TH
Cincinnati (WIN) Reds batting - Pitching for Houston (WIN) Astros : RHP Hector Carrillo
Pitching: RHP Jayson Campbell
Batting: RHB Jonathan Robies 0-0: Ball
1-0: Ball
2-0: Foul Ball, location: 2F
2-1: Foul Ball, location: 2F
2-2: Strikes out looking
Batting: RHB Alex Juarez 0-0: Ball
1-0: Ball
2-0: Called Strike
2-1: Foul Ball, location: 2F
2-2: Foul Ball, location: 2F
2-2: Ball
3-2: Strikes out swinging
Batting: RHB Joseph Kirchmann 0-0: Ball
1-0: Called Strike
1-1: Ball
2-1: Called Strike
2-2: Strikes out looking
Bottom of the 5th over - 0 runs, 0 hits, 0 errors, 0 left on base; Houston (WIN) 0 - Cincinnati (WIN) 6
TOP OF THE 6TH
Houston (WIN) Astros batting - Pitching for Cincinnati (WIN) Reds : RHP Matt Johnson
Batting: RHB Yoshitoshi Mori 0-0: Ball
1-0: Fly out, F8 (Flyball, 78D, EV 102.5 MPH)
Batting: RHB Omar Amaya 0-0: Called Strike
0-1: Foul Ball, location: 2F
0-2: Ball
1-2: Fly out, F9 (Flyball, 9S, EV 93.8 MPH)
Batting: LHB Mark Dearth 0-0: Swinging Strike
0-1: Ball
1-1: Ball
2-1: Ball
3-1: Fly out, F8 (Flyball, 8LD, EV 101.2 MPH)
Top of the 6th over - 0 runs, 0 hits, 0 errors, 0 left on base; Houston (WIN) 0 - Cincinnati (WIN) 6
BOTTOM OF THE 6TH
Cincinnati (WIN) Reds batting - Pitching for Houston (WIN) Astros : RHP Jayson Campbell
Batting: LHB Jamie Spangenberg 0-0: Called Strike
0-1: Ball
1-1: Foul Ball, location: 2F
1-2: Foul Ball, location: 2F
1-2: Strikes out swinging
Batting: RHB Mike Alm 0-0: Foul Ball, location: 2F
0-1: Swinging Strike
0-2: Foul Ball, location: 2F
0-2: Ball
1-2: Strikes out swinging
Batting: LHB Chris Grunwald 0-0: Called Strike
0-1: Ground out 4-3 (Groundball, 4, EV 103.8 MPH)
Bottom of the 6th over - 0 runs, 0 hits, 0 errors, 0 left on base; Houston (WIN) 0 - Cincinnati (WIN) 6
TOP OF THE 7TH
Houston (WIN) Astros batting - Pitching for Cincinnati (WIN) Reds : RHP Matt Johnson
Batting: RHB Elijah Hunter 0-0: Ball
1-0: Called Strike
1-1: Called Strike
1-2: Ball
2-2: Strikes out swinging
Batting: SHB Paskar Adegoke 0-0: Foul Ball, location: 2F
0-1: Swinging Strike
0-2: Ball
1-2: Strikes out swinging
Batting: LHB Bob Govella 0-0: Called Strike
0-1: Ground out 4-3 (Groundball, 4, EV 87.5 MPH)
Top of the 7th over - 0 runs, 0 hits, 0 errors, 0 left on base; Houston (WIN) 0 - Cincinnati (WIN) 6
BOTTOM OF THE 7TH
Cincinnati (WIN) Reds batting - Pitching for Houston (WIN) Astros : RHP Jayson Campbell
Batting: RHB Fred Slade 0-0: Called Strike
0-1: Called Strike
0-2: Ball
1-2: Foul Ball, location: 2F
1-2: Ball
2-2: Ball
3-2: Foul Ball, location: 2F
3-2: Base on Balls
Batting: RHB Bruno André 0-0: Called Strike
0-1: Ball
1-1: Ball
2-1: Ball
3-1: Called Strike
3-2: Grounds into double play, 6-4-3 (Groundball, 6S, EV 81.2 MPH)
Batting: RHB Juan Reyes 0-0: Ball
1-0: Ball
2-0: Ground out 2-3 (Groundball, 13S, EV 73.8 MPH)
Bottom of the 7th over - 0 runs, 0 hits, 0 errors, 0 left on base; Houston (WIN) 0 - Cincinnati (WIN) 6
TOP OF THE 8TH
Houston (WIN) Astros batting - Pitching for Cincinnati (WIN) Reds : RHP Matt Johnson
Batting: RHB Workneh Lagat 0-0: Ball
1-0: Called Strike
1-1: Swinging Strike
1-2: Ball
2-2: Fly out, F7 (Flyball, 7S, EV 84.4 MPH)
Batting: LHB Aldo Kok 0-0: Ball
1-0: Ball
2-0: Foul Ball, location: 2F
2-1: Fly out, F7 (Line Drive, 7LM, EV 93.8 MPH)
Batting: RHB Drew Coleman 0-0: SINGLE (Groundball, 6S, EV 71.2 MPH) (infield hit)
Batting: RHB Yoshitoshi Mori 0-0: Called Strike
0-1: Ball
1-1: Ball
2-1: SINGLE (Groundball, 6MD, EV 110.0 MPH)
Drew Coleman to second
Runner from 2nd tries for 3rd, SAFE, throw by CF made to third
Batting: RHB Omar Amaya 0-0: Ball
1-0: Called Strike
1-1: Ball
2-1: Swinging Strike
2-2: Strikes out looking
Top of the 8th over - 0 runs, 2 hits, 0 errors, 2 left on base; Houston (WIN) 0 - Cincinnati (WIN) 6
BOTTOM OF THE 8TH
Cincinnati (WIN) Reds batting - Pitching for Houston (WIN) Astros : RHP Jayson Campbell
Batting: RHB Jonathan Robies 0-0: Foul Ball, location: 2F
0-1: Ground out 6-3 (Groundball, 6, EV 92.5 MPH)
Batting: RHB Alex Juarez 0-0: Called Strike
0-1: Ball
1-1: Swinging Strike
1-2: Foul Ball, location: 2F
1-2: SINGLE (Groundball, 34D, EV 96.9 MPH)
Pitching: LHP Manny Muniz
Batting: RHB Joseph Kirchmann 0-0: Fly out, F7 (Flyball, 7LS, EV 83.1 MPH)
Batting: LHB Jamie Spangenberg 0-0: Called Strike
0-1: Ground out 4-3 (Groundball, 4, EV 96.9 MPH)
Bottom of the 8th over - 0 runs, 1 hit, 0 errors, 1 left on base; Houston (WIN) 0 - Cincinnati (WIN) 6
TOP OF THE 9TH
Houston (WIN) Astros batting - Pitching for Cincinnati (WIN) Reds : RHP Matt Johnson
Batting: LHB Mark Dearth 0-0: Ball
1-0: Foul Ball, location: 2F
1-1: Foul Ball, location: 2F
1-2: Strikes out looking
Batting: RHB Elijah Hunter 0-0: SINGLE (Groundball, 56D, EV 105.6 MPH)
Pitching: LHP Suk-jin Sok
Batting: SHB Paskar Adegoke 0-0: Called Strike
0-1: SINGLE (Line Drive, 9S, EV 96.2 MPH)
Elijah Hunter to second
Batting: LHB Bob Govella 0-0: Grounds into double play, 4-6-3 (Groundball, 4, EV 105.0 MPH)
Top of the 9th over - 0 runs, 2 hits, 0 errors, 1 left on base; Houston (WIN) 0 - Cincinnati (WIN) 6
Tuesday, March 28th , 2023 - OOTP Baseball 23.10 Build 110